AoeStats
← ertk

Arena

510112314Analyzed
4v4 RM · 2d ago on Sep 29, 2026· 54m 6s· 8 players
Game mode
Random Map
Map size
Large (8 player)
Population
200
Speed
Normal
Resources
Standard
Victory
Conquest
Starting age
Dark Age
Ending age
Imperial Age
RankedLock teamsTeams togetherTeam positionsShared explorationLock speedFull tech treeHidden civsTurbo modeCheats
Victory
Defeat
🇪🇪 Britons · Estonia
978
+15
944
+16
🇬🇷 Dravidians · Greece
902
+18
🇬🇧 Britons · United Kingdom
873
+29
🇹🇷 Turks · Türkiye
1103
-23
🇫🇷 Lithuanians · France
925
-16
🇮🇳 Franks · India
921
-30
🇷🇺 Portuguese · Russia
847
-13
andrewcm20
11:24 Feudal Age
15:59 Castle Age
14:44 Padded Archer Armor
15:07 Double-Bit Axe
15:05 Horse Collar
17:15 Stone Mining
18:52 Gold Mining
20:32 Fletching
26:36 Wheelbarrow
26:04 Heavy Plow
27:03 Bow Saw
28:24 Ballistics
28:47 Leather Archer Armor
29:56 Hand Cart
31:53 Bodkin Arrow
33:47 Gold Shaft Mining
36:44 Imperial Age
36:29 Yeomen
36:33 Pikeman
37:46 Halberdier
39:32 Chemistry
41:06 Forging
40:57 Scale Mail Armor
41:18 Gambesons
41:34 Squires
42:37 Iron Casting
43:32 Chain Mail Armor
Wollof_08 / German Mum
8:07 Double-Bit Axe
8:47 Loom
10:52 Feudal Age
10:49 Gold Mining
10:43 Horse Collar
19:13 Castle Age
17:32 Bow Saw
18:02 Scale Barding Armor
18:11 Stone Mining
18:25 Heavy Plow
19:29 Stone Shaft Mining
23:44 Fervor
24:15 Wheelbarrow
23:50 Treadmill Crane
25:08 Fletching
25:18 Murder Holes
26:01 Bodkin Arrow
27:52 Forging
28:34 Burgundian Vineyards
29:17 Gold Shaft Mining
30:04 Hand Cart
30:29 Town Watch
35:49 Ballistics
35:40 Masonry
35:54 Chain Barding Armor
36:10 Iron Casting
38:21 Imperial Age
36:29 Husbandry
36:49 Fortified Wall
36:42 Devotion
38:12 Cavalier
39:32 Conscription
38:34 Elite Coustillier
39:52 Plate Barding Armor
40:18 Blast Furnace
44:57 Crop Rotation
44:14 Paladin
45:28 Bracer
50:59 Architecture
52:00 Two-Man Saw
53:42 Caravan
Myrakaru
0:27 Loom
9:56 Feudal Age
10:34 Horse Collar
10:41 Double-Bit Axe
19:04 Castle Age
17:25 Gold Mining
19:15 Fletching
20:24 Heavy Plow
20:31 Bodkin Arrow
24:46 Ballistics
24:05 Crossbowman
25:04 Squires
25:20 Padded Archer Armor
30:31 Wheelbarrow
33:13 Imperial Age
31:04 Scale Barding Armor
31:15 Leather Archer Armor
33:48 Hand Cart
34:36 Bracer
35:07 Ring Archer Armor
37:04 Chemistry
36:41 Arbalester
40:50 Chain Barding Armor
41:30 Forging
41:41 Bow Saw
42:48 Yeomen
42:49 Conscription
43:01 Light Cavalry
43:41 Husbandry
44:20 Plate Barding Armor
Denys
3:31 Loom
11:37 Feudal Age
17:25 Castle Age
16:55 Double-Bit Axe
17:26 Horse Collar
18:53 Bow Saw
21:07 Heavy Plow
24:10 Wheelbarrow
25:12 Thumb Ring
27:07 Scale Barding Armor
27:06 Husbandry
27:58 Gold Mining
28:34 Fletching
28:45 Padded Archer Armor
28:40 Stone Mining
29:14 Hand Cart
28:45 Town Watch
30:02 Town Patrol
33:21 Ballistics
33:13 Masonry
32:59 Murder Holes
33:15 Fortified Wall
33:36 Elite Skirmisher
34:22 Bodkin Arrow
34:42 Leather Archer Armor
34:48 Chain Barding Armor
34:38 Forging
34:28 Scale Mail Armor
35:31 Pikeman
36:11 Squires
43:53 Imperial Age
42:15 Medical Corps
42:09 Arson
43:48 Iron Casting
43:28 Chain Mail Armor
44:23 Halberdier
46:13 Chemistry
45:15 Bracer
45:45 Ring Archer Armor
45:03 Elite Elephant Archer
47:02 Conscription
47:18 Hoardings
48:36 Blast Furnace
48:06 Plate Mail Armor
ertk
11:16 Feudal Age
12:42 Loom
15:24 Castle Age
13:12 Horse Collar
14:03 Double-Bit Axe
21:34 Imperial Age
25:03 Padded Archer Armor
31:06 Fletching
36:52 Leather Archer Armor
36:33 Bodkin Arrow
40:49 Capped Ram
44:39 Bloodlines
44:29 Husbandry
49:15 Bow Saw
50:22 Heavy Scorpion
51:45 Caravan
IsidoreDucasse
9:55 Feudal Age
12:45 Wheelbarrow
11:55 Loom
17:14 Castle Age
16:03 Horse Collar
17:17 Double-Bit Axe
18:13 Heavy Plow
21:46 Bow Saw
22:03 Stone Mining
22:39 Gold Mining
24:37 Bloodlines
24:53 Husbandry
26:11 Scale Mail Armor
28:14 Stone Shaft Mining
28:43 Hand Cart
33:38 Redemption
34:04 Scale Barding Armor
34:10 Forging
34:17 Chain Mail Armor
34:03 Padded Archer Armor
33:54 Fletching
34:23 Atonement
34:34 Fervor
41:53 Imperial Age
39:37 Hill Forts
42:14 Iron Casting
41:59 Chain Barding Armor
41:57 Bodkin Arrow
42:39 Leather Archer Armor
41:50 Elite Skirmisher
41:58 Cavalier
43:49 Guilds
44:10 Coinage
45:50 Chemistry
45:01 Fortified Wall
44:47 Murder Holes
45:14 Ballistics
46:02 Conscription
46:54 Two-Man Saw
46:02 Devotion
46:28 Illumination
46:19 Block Printing
46:25 Sanctity
47:12 Crop Rotation
47:24 Plate Barding Armor
47:20 Ring Archer Armor
47:57 Banking
47:24 Onager
49:35 Paladin
51:05 Masonry
Mogami
11:51 Feudal Age
12:47 Loom
15:30 Castle Age
13:30 Double-Bit Axe
16:30 Bow Saw
21:01 Wheelbarrow
21:56 Gold Mining
23:32 Forging
24:18 Scale Barding Armor
24:52 Hand Cart
24:40 Town Watch
28:53 Imperial Age
27:03 Gold Shaft Mining
26:23 Stone Mining
26:47 Husbandry
27:22 Chain Barding Armor
27:37 Iron Casting
27:52 Fortified Wall
29:00 Cavalier
30:18 Plate Barding Armor
31:26 Blast Furnace
30:18 Paladin
32:40 Chemistry
31:47 Fletching
33:07 Bodkin Arrow
33:25 Masonry
35:36 Light Cavalry
37:20 Conscription
49:30 Hoardings
Adment_Vk
11:39 Feudal Age
18:24 Castle Age
23:27 Double-Bit Axe
28:00 Wheelbarrow
27:54 Bow Saw
29:08 Horse Collar
30:32 Hand Cart
30:42 Heavy Plow
35:18 Imperial Age
34:53 Pikeman
36:07 Ballistics
35:22 Elite Skirmisher
35:59 Fletching
35:36 Halberdier
38:04 Two-Man Saw
38:12 Siege Engineers
38:11 Bodkin Arrow
38:17 Padded Archer Armor
40:15 Bracer
40:31 Leather Archer Armor
40:28 Forging
40:18 Scale Mail Armor
42:30 Chemistry
41:12 Treadmill Crane
42:05 Arson
42:55 Conscription
41:56 Elite Organ Gun
42:38 Circumnavigation
43:55 Masonry
43:51 Caravan
47:40 Iron Casting
47:20 Chain Mail Armor
47:36 Ring Archer Armor
49:17 Blast Furnace
49:44 Plate Mail Armor
50:04 Arquebus
53:07 Crop Rotation
Connection lost

Rejoining the realm…

Still unreachable

The connection could not be restored.

Session expired

The server has moved on; the page needs a fresh start.